 Dungeon Crawl Stone Soup version 0.18.1-50-g88ac8fd (webtiles) character file.

26 WhiskeyPanda the Digger (level 3, -1/26 (27) HPs)
             Began as a Ghoul Earth Elementalist on Sept 28, 2016.
             Shot with a stone by a goblin (4 damage)
             ... on level 2 of the Dungeon.
             The game lasted 00:08:41 (2175 turns).

WhiskeyPanda the Digger (Ghoul Earth Elementalist)  Turns: 2175, Time: 00:08:41

HP:   -1/26 (27)    AC:  3    Str: 11    XL:     3   Next: 8%
MP:   0/4           EV: 11    Int: 11    God:
Gold: 74            SH:  0    Dex:  9    Spells: 1 memorised, 4 levels left

rFire  . . .     SeeInvis .     k - -1 dagger (curse)
rCold  + . .     Gourm    .     j - +0 leather armour
rNeg   + + +     Faith    .     (no shield)
rPois  ∞         Spirit   .     (no helmet)
rElec  .         Dismiss  .     (no cloak)
rCorr  .         Reflect  .     (no gloves)
SustAt .         Harm     .     (no boots)
MR     .....                    (no amulet)
Stlth  ++........               (no ring)
                                (no ring)

@: very slightly contaminated, rotting, not resistant to hostile enchantments,
unstealthy
A: rotting body, claws 1, carnivore 3, cold resistance 1, negative energy
resistance 3, slow regeneration 1, torment resistance, unbreathing
a: no special abilities


You were on level 2 of the Dungeon.
You were not hungry.

You visited 1 branch of the dungeon, and saw 2 of its levels.

You collected 74 gold pieces.

Inventory:

Hand Weapons
 e - a +0 short sword
 k - a cursed -1 dagger (weapon)
Missiles
 b - 86 stones (quivered)
Armour
 a - a +0 robe
 j - a +0 leather armour (worn)
Scrolls
 i - 2 scrolls of identify
 m - a scroll of enchant armour {unknown}
 n - a scroll of recharging {unknown}
Potions
 f - a potion of haste
 g - a potion of flight {unknown}
 h - a potion of cancellation {unknown}
 l - a potion of degeneration {unknown}
Books
 c - a book of Geomancy

   Spells                             Type                      Level
   a - Sandblast                      Earth                        1
   b - Passwall                       Transmutation/Earth          2
   c - Stone Arrow                    Conjuration/Earth            3
   d - Petrify                        Transmutation/Earth          4
   e - Lee's Rapid Deconstruction     Earth                        5
Comestibles
 d - 2 meat rations


   Skills:
 + Level 0.4 Fighting
 + Level 2.2 Dodging
 + Level 2.4 Stealth
 + Level 1.9 Spellcasting
   Level 0.8 Transmutations
 + Level 3.8 Earth Magic


You had 4 spell levels left.
You knew the following spells:

 Your Spells              Type           Power        Failure   Level  Hunger
a - Sandblast             Erth           #.....       10%         1    ##.....


Dungeon Overview and Level Annotations

Branches:
Dungeon (2/15)

Altars:

Annotations:
D:2 Terence


Innate Abilities, Weirdness & Mutations

Your body is rotting away.
You thrive on raw meat.
You are immune to poison.
You have sharp fingernails.
You are carnivorous and can eat meat at any time.
Your flesh is cold resistant.
You are immune to negative energy.
You regenerate slowly when monsters are visible.
You are immune to unholy pain and torment.
You can survive without breathing.


Message History

You are very lightly contaminated with residual magic.
Nothing appears to happen.
Terence hits you but does no damage.
Casting: Sandblast
Confirm with . or Enter, or press ? or * to list all spells.
Aiming: Sandblast
Press: ? - help, Shift-Dir - straight line, f/p - Terence
Aim: Terence, wielding a short sword and wearing a scale mail (lightly wounded)
The blast of sand hits Terence.
Terence is moderately wounded.
Terence completely misses you.
Casting: Sandblast
Confirm with . or Enter, or press ? or * to list all spells.
Aiming: Sandblast
Press: ? - help, Shift-Dir - straight line, f/p - Terence
Aim: Terence, wielding a short sword and wearing a scale mail (moderately wounded)
The blast of sand hits Terence.
Terence is moderately wounded.
Terence barely misses you.
The goblin shoots a stone.
The stone hits you.
You die...

#.# #.# #...r.#
####.######## #.# ####.##
#...........# ##(## #.#
#.#..##.###.#
##...######.# #
#..##.###.# #..#.....r..#
#..#...##.###...gr#######
#......##.##.......#
#.##...##.###.....## #.
##.....[@..@..## #.
#.###.#####.##
#...........# ###
#############


You could see Terence, a goblin and a rat.

Vanquished Creatures
  2 giant geckos (D:1)
  2 bats (D:1)
  2 giant cockroaches
  A goblin (D:1)
  5 hobgoblins (D:1)
  2 jackals (D:1)
  A giant newt (D:1)
  3 kobolds (D:1)
  3 rats
21 creatures vanquished.

Notes
Turn   | Place    | Note
--------------------------------------------------------------
     0 | D:1      | WhiskeyPanda the Ghoul Earth Elementalist began the quest for the Orb.
     0 | D:1      | Reached XP level 1. HP: 14/14 MP: 2/2
   228 | D:1      | Reached XP level 2. HP: 19/19 MP: 0/3
  1550 | D:1      | Reached XP level 3. HP: 4/27 MP: 1/4
  2118 | D:2      | Noticed Terence
  2175 | D:2      | Shot with a stone by a goblin

Skill      XL: |  1  2 |
---------------+-------+-----
Dodging        | 2 |  2.2
Fighting       | |  0.4
Stealth        | |  2.4
Spellcasting   | |  1.9
Transmutations | |  0.8
Earth Magic    | |  3.8

Action                   || total
-------------------------++-------
Melee: Unarmed           ||    15
       Short sword       ||    14
       Dagger            ||    77
 Cast: Sandblast         ||    30
  Use: Scroll            ||     3
  Eat: Chunk             ||    10
Armor: Robe              ||    28
       Leather armour    ||    10
Dodge: Dodged            ||   106
